 Dungeon Crawl Stone Soup version 0.28.0-43-g3370ac3207 (webtiles) character file.

Game seed: 16694148530908827942

348 fknight the Skirmisher (level 6, -3/73 HPs)
             Began as a Demonspawn Berserker on Mar 17, 2022.
             Was a Believer of Trog.
             Slain by Pikel
             ... wielding a +0 whip of freezing
              (15 damage)
             ... on level 4 of the Dungeon.
             The game lasted 00:09:18 (4575 turns).

fknight the Skirmisher (Demonspawn Berserker)       Turns: 4575, Time: 00:09:19

Health: -3/73      AC: 12    Str: 19    XL:     6   Next: 33%
Magic:  6/6        EV:  8    Int:  9    God:    Trog [**....]
Gold:   94         SH:  0    Dex: 15    Spells: 5/5 levels left

rFire   . . .      SeeInvis .   o - +2 hand axe "Wecuaj" {venom, Dex+3}
rCold   . . .      Faith    .   (no shield)
rNeg    . . .      Spirit   .   u - +0 chain mail
rPois   .          Reflect  .   k - +1 hat
rElec   .          Harm     .   r - +1 cloak
rCorr   .          Rampage  .   (no gloves)
Will    .....                   (no boots)
Stlth   ..........              (no amulet)
HPRegen 0.22/turn               (no ring)
MPRegen 0.10/turn               (no ring)

@: berserking, very quick
A: antennae 2, foul stench 1
a: Renounce Religion, Berserk, Trog's Hand


You were on level 4 of the Dungeon.
You worshipped Trog.
Trog was pleased with you.
You visited 1 branch of the dungeon, and saw 4 of its levels.

You collected 184 gold pieces.
You spent 90 gold pieces at shops.

Inventory:

Hand Weapons
 a - a +0 spear
 o - the +2 hand axe "Wecuaj" (weapon) {venom, Dex+3}
   (You took it off a hobgoblin on level 3 of the Dungeon)

   It poisons the flesh of those it strikes.
   Dex:       It affects your dexterity (+3).
Missiles
 c - 54 stones (quivered)
 d - 13 sling bullets
 g - 4 boomerangs
Armour
 k - a +1 hat (worn)
 p - a +2 robe of willpower
 r - a +1 cloak (worn)
 u - a +0 chain mail (worn)
Scrolls
 b - 2 scrolls of silence {unknown}
 f - 2 scrolls of identify
 m - 2 scrolls of teleportation
 q - a scroll of brand weapon {unknown}
 t - a scroll of immolation {unknown}
Potions
 e - a potion of invisibility
 h - 3 potions of curing
 i - a potion of flight
 j - a potion of haste
 l - a potion of mutation
 n - 3 potions of attraction {unknown}
 s - a potion of magic {unknown}
 v - a potion of might {unknown}


   Skills:
 + Level 4.4 Fighting
 + Level 3.9 Polearms
 + Level 3.4 Armour
 + Level 3.3 Dodging


You had 5 spell levels left.
You didn't know any spells.
Your spell library was empty.

Dungeon Overview and Level Annotations

Branches:
Dungeon (4/15)             Temple (0/1) D:4

Altars:

Shops:
D:2 ?   D:3 (

Annotations:
D:4 Pikel


Innate Abilities, Weirdness & Mutations

You have a pair of antennae on your head.
You may rarely emit foul miasma when damaged in melee.


Message History

You hit Pikel.
Pikel looks as sick as possible!
Pikel is lightly wounded.
Pikel hits you with a +0 whip of freezing.
Pikel freezes you.
A lemure comes into view.
Pikel closely misses you.
You barely miss Pikel.
Pikel is lightly wounded.
The lemure shouts!
Pikel hits you with a +0 whip of freezing.
Pikel freezes you.
Pikel hits you with a +0 whip of freezing.
Pikel freezes you.
You closely miss Pikel.
Pikel is moderately wounded.
Pikel misses you. Pikel completely misses you.
You hit Pikel.
Pikel looks as sick as possible!
Pikel is moderately wounded.
Pikel hits you but does no damage. x2
You hit Pikel.
Pikel looks as sick as possible!
Pikel is heavily wounded.
Pikel hits you with a +0 whip of freezing!
Pikel freezes you.
You barely miss Pikel.
Pikel is heavily wounded.
Pikel barely misses you.
Pikel hits you with a +0 whip of freezing!
* * * LOW HITPOINT WARNING * * *
Pikel freezes you.
* * * LOW HITPOINT WARNING * * *
You emit a cloud of foul miasma!
You feel better.
Pikel is engulfed in dark miasma.
Pikel looks as sick as possible!
Pikel closely misses you.
Pikel is engulfed in dark miasma.
Pikel looks as sick as possible!
Pikel closely misses you.
A red film seems to cover your vision as you go berserk!
You feel yourself moving faster!
You feel mighty!
Pikel is engulfed in dark miasma.
Pikel looks as sick as possible!
Pikel hits you with a +0 whip of freezing!
You die...

.. #. #.# ##.##. #.
#.# #..... ## #.#
####..###### #.#
#...........## .55
.............. #5#
#.###..##).... #K#
#.# #..##...:.
##@###.###.........
#...........##..###
#......###...#.##{
#.####.........# #.
#.####..### #. #.#
#..# ## #.# #....
..# #.#### ..# #.#


You could see Pikel (berserk, extremely poisoned) and 3 lemures.

Vanquished Creatures
  A lemure (D:4)
  A bullfrog (D:4)
  A water moccasin zombie (D:4)
  A hound (D:4)
  Terence (D:3)
  An orc wizard (D:4)
  2 hound skeletons (D:4)
  A gnoll (D:1)
  3 adders (D:2)
  2 worms
  4 dart slugs
  6 orcs
  4 ball pythons
  5 bats
  5 endoplasms
  2 giant cockroaches
  2 goblins
  9 hobgoblins
  8 jackals
  2 kobolds (D:2)
  6 quokkas
  3 frilled lizards
  4 rats
74 creatures vanquished.

Notes
Turn   | Place    | Note
-------+----------+-------------------------------------------
     0 | D:1      | fknight the Demonspawn Berserker began the quest for the
                  | Orb.
     0 | D:1      | Reached XP level 1. HP: 18/18 MP: 1/1
   306 | D:1      | Gained mutation: You have a pair of small antennae on your
                  | head. [demonic ancestry]
   306 | D:1      | Reached XP level 2. HP: 20/24 MP: 2/2
   602 | D:1      | Reached XP level 3. HP: 29/29 MP: 3/3
  1587 | D:2      | Found Cerphyju's Magic Scroll Shop.
  1605 | D:2      | Gained mutation: You have a pair of antennae on your head.
                  | [demonic ancestry]
  1605 | D:2      | Reached XP level 4. HP: 23/35 MP: 4/4
  1786 | D:2      | Bought a scroll of identify for 20 gold pieces
  1789 | D:2      | Bought a scroll of identify for 20 gold pieces
  1789 | D:2      | Bought a scroll of teleportation for 30 gold pieces
  1789 | D:2      | Bought a scroll of identify for 20 gold pieces
  2892 | D:3      | Noticed Terence
  2907 | D:3      | Killed Terence
  3035 | D:3      | Identified the +2 hand axe "Wecuaj" {venom, Dex+3}
  3420 | D:3      | Found a faded altar of an unknown god.
  3486 | D:3      | Found Senakhex's Weapon Shoppe.
  3557 | D:3      | Reached ** piety under Trog
  3976 | D:4      | Noticed a bullfrog
  3981 | D:4      | Killed a bullfrog
  3982 | D:4      | Reached skill level 4 in Fighting
  3982 | D:4      | Gained mutation: You may rarely emit foul miasma when
                  | damaged in melee. [demonic ancestry]
  3982 | D:4      | Reached XP level 5. HP: 42/42 MP: 5/5
  4316 | D:4      | Reached XP level 6. HP: 47/48 MP: 6/6
  4403 | D:4      | Found a staircase to the Ecumenical Temple.
  4562 | D:4      | Noticed Pikel
  4573 | D:4      | HP: 1/49 [Pikel/+0 whip of freezing (4)]
  4575 | D:4      | Slain by Pikel

Illustrated notes

Levels and vault maps discovered:
D:1:      amcnicky_arrival_feature_with_door, layout_basic
D:2:      layout_basic, serial_shops, shop, grunt_ministairs_9,
          solitary_fountain
D:3:      layout_basic, nicolae_ecumenical_lake_church, serial_shops,
          nicolae_diamond_shop, serial_bayou_pond_a, uniq_terence
D:4:      minmay_octagon_keep, layout_loops_ring, minmay_temple_entry_junction,
          uniq_edmund, uniq_pikel

Skill      XL: |  1  2  3  4 |
---------------+-------------+-----
Armour         | 2 3 |  3.4
Dodging        | 2 3 |  3.3
Polearms       | 3 |  3.9
Fighting       | 4 |  4.4

Action                   |  1- 3 |  4- 6 || total
-------------------------+-------+-------++-------
Melee: Spear             |   122 |    58 ||   180
       Hand axe          |       |    99 ||    99
       Punch             |       |     3 ||     3
Throw: Stone             |     4 |     1 ||     5
Invok: Berserk           |     1 |     5 ||     6
  Use: Scroll            |       |     5 ||     5
       Potion            |       |     1 ||     1
 Stab: Sleeping          |     2 |     2 ||     4
Armor: Animal skin       |    34 |     3 ||    37
       Scale mail        |       |    21 ||    21
       Chain mail        |       |    31 ||    31
Dodge: Dodged            |    87 |    82 ||   169
